 Dungeon Crawl Stone Soup version 0.31-a0-640-g39d97e502b (webtiles) character file.

Game seed: 7525183270296146483

3439 Fodor the Protected (level 9, 0/73 (81) HPs)
             Began as a Minotaur Fighter on Aug 28, 2023.
             Slain by a gnoll
             ... wielding a +0 heavy spear
              (11 damage)
             ... on level 7 of the Dungeon.
             The game lasted 00:41:37 (6978 turns).

Fodor the Protected (Minotaur Fighter)              Turns: 6978, Time: 00:41:38

HP:   0/73 (81)     AC: 13    Str: 26    XL:     9   Next: 77%
MP:   8/8           EV: 10    Int: 11    God:
Gold: 259           SH:  0    Dex:  9    Spells: 8/8 levels left

rFire   . . .        e - +0 battleaxe
rCold   . . .        (shield currently unavailable)
rNeg    . . .        y - +0 chain mail
rPois   .            (helmet restricted)
rElec   .            (no cloak)
rCorr   .            (no gloves)
SInv    .            o - +1 pair of boots
Will    .....        (no amulet) Stlth
                     l - ring of flight
HPRegen 0.32/turn    D - +6 ring of intelligence
MPRegen 0.11/turn

%: no passive effects
@: flying, drained
A: horns 2, retaliatory headbutt
a: no special abilities


You were on level 7 of the Dungeon.
You visited 1 branch of the dungeon, and saw 7 of its levels.

You collected 259 gold pieces.

Inventory:

Hand Weapons
 e - a +0 battleaxe (weapon)
 x - a +0 shortbow
Missiles
 k - 10 javelins
 p - 11 poisoned darts (quivered)
 B - 6 curare-tipped darts
Armour
 c - a +0 buckler
 o - a +1 pair of boots (worn)
 y - a +0 chain mail (worn)
Jewellery
 d - an amulet of regeneration
 l - a ring of flight (left hand)
 D - a +6 ring of intelligence (right hand)
Talismans
 w - a dragon-blood talisman
Wands
 h - a wand of charming (10)
 v - a wand of polymorph (3)
Scrolls
 b - 2 scrolls of poison {unknown}
 i - 2 scrolls of summoning
 n - 3 scrolls of teleportation
 q - a scroll of enchant armour
 r - 2 scrolls of immolation {unknown}
 t - 2 scrolls of blinking {unknown}
 u - 2 scrolls of amnesia {unknown}
 A - 2 scrolls of fear
 C - 3 scrolls of fog {unknown}
Potions
 a - a potion of invisibility {unknown}
 f - 2 potions of haste
 j - a potion of cancellation {unknown}
 m - 2 potions of lignification {unknown}
 s - a potion of mutation {unknown}


   Skills:
 + Level 7.8 Fighting
 + Level 6.1 Long Blades
 + Level 7.8 Axes
 + Level 2.1 Throwing
 + Level 9.2 Armour
 + Level 3.9 Dodging
 + Level 0.7 Stealth
 + Level 6.6 Shields


You had 8 spell levels left.
You didn't know any spells.
Your spell library contained the following spells:

 Spells                   Type           Power      Damage    Failure   Level
 Sting                    Tmut/Pois      0%         1d3       80%         1
 Summon Small Mammal      Summ           0%         N/A       80%         1
 Cigotuvi's Dreadful Rot  Necr/Pois/Air  0%         N/A       91%         2
 Poisonous Vapours        Pois/Air       0%         N/A       91%         2
 Call Canine Familiar     Summ           0%         N/A       99%         3
 Ignite Poison            Fire/Tmut/Pois 0%         N/A       99%         3
 Ozocubu's Armour         Ice            0%         N/A       99%         3
 Summon Guardian Golem    Hex/Summ       0%         N/A       99%         3
 Olgreb's Toxic Radiance  Pois           0%         N/A       100%        4
 Freezing Cloud           Conj/Ice/Air   0%         6-21      100%        5
 Ozocubu's Refrigeration  Ice            0%         4d7       100%        7


Dungeon Overview and Level Annotations

Branches:
Dungeon (7/15)
 Temple: D:4-7

Altars:
Elyvilon
Okawaru

Shops:
D:4 *   D:5 :   D:7 [

Annotations:
D:6 2 transporters, dxb338's ghost, novice FeSh
D:7 Jeremiah


Innate Abilities, Weirdness & Mutations

You have a pair of horns on your head.
You reflexively headbutt those who attack you in melee.


Message History

You feel drained.
The gnoll hits you from afar with a +0 heavy spear.
Your life force feels restored.
You closely miss the wight.
A wight comes into view.
It is wielding a +4 great sword of freezing.
You slice the wight!!
You destroy the wight!
The gnoll hits you from afar with a +0 heavy spear.
You slash the wight! Your headbutt misses the wight.
The wight is almost destroyed.
The wight misses you. The gnoll barely misses you.
The wight hits you with a +4 great sword.
You feel drained.
You closely miss the wight.
The wight is almost destroyed.
Jeremiah, Barachi Dreamer comes into view.
They are wielding a +3 trident of draining, wearing a +2 robe of willpower and wearing an orb of mayhem.
The gnoll hits you but does no damage.
The wight hits you with a +4 great sword!
You feel drained.
You barely miss the wight.
The wight is almost destroyed.
The wight hits you with a +4 great sword.
You feel drained. The gnoll misses you.
You closely miss the wight.
You headbutt the wight, but do no damage.
The wight is almost destroyed.
Jeremiah hops!
The wight closely misses you.
The gnoll hits you from afar with a +0 heavy spear.
You barely miss the wight. You headbutt the wight.
You destroy the wight!
The wight hits you with a +2 scimitar!
* * * LOW HITPOINT WARNING * * *
You feel drained.
* * * LOW HITPOINT WARNING * * *
The gnoll closely misses you.
You closely miss the wight. You headbutt the wight!
The wight is heavily damaged.
The wight hits you but does no damage.
The gnoll hits you from afar with a +0 heavy spear!
You die...

#..## ###..### #......###
#.#......#### ##
#####.#.......#.##...
###########...).#.#..........#
#........##.###)#.........###
##....#...##.#∩#)#g#.).#..#.#
....#.#.#.##...#@#.#g..#..g.## ##
...........#####z#..).g......##..
..#...#........lzg.####......g..g
................bb.# #......##†..
#.#.#.#.......b.bb.####....####..
...............#..###.....## #.
..#............#bb###.....## #.
........#.....##Fb##.......#++#..
#...#.......[.##.......##........


You could see Jeremiah, an iguana, 2 wights and a gnoll.

Vanquished Creatures
  A steam dragon (D:6)
  Grum (D:7)
  Menkaure (D:7)
  2 water moccasins
  A sky beast (D:7)
  2 ice beasts
  2 centaurs
  A phantom (D:5)
  2 gnoll sergeants (D:7)
  A bullfrog (D:6)
  3 scorpions
  11 wights
  3 killer bees (D:7)
  An orc priest (D:4)
  2 gnoll boudas (D:7)
  13 hounds (D:7)
  6 iguanas
  2 jellies
  Terence (D:2)
  3 orc wizards
  3 sleepcaps
  Ijyb (D:3)
  Natasha (thrice) (D:2)
  17 gnolls (D:7)
  5 adders
  A shadow imp (D:6)
  A white imp (D:5)
  2 ufetubi (D:6)
  A dart slug (D:1)
  10 orcs
  5 ball pythons
  2 bats
  7 endoplasms
  4 giant cockroaches
  9 goblins
  4 hobgoblins
  2 jackals (D:7)
  3 quokkas
  5 kobolds
  7 rats
151 creatures vanquished.

Notes
Turn   | Place    | Note
-------+----------+-------------------------------------------
     0 | D:1      | Fodor the Minotaur Fighter began the quest for the Orb.
     0 | D:1      | Reached XP level 1. HP: 19/19 MP: 0/0
   197 | D:1      | Reached XP level 2. HP: 27/27 MP: 1/1
   316 | D:1      | Reached skill level 4 in Armour
   735 | D:2      | Noticed Terence
   749 | D:2      | Killed Terence
   750 | D:2      | Reached XP level 3. HP: 6/33 MP: 2/2
  1175 | D:2      | Noticed Natasha
  1190 | D:2      | Killed Natasha
  1191 | D:2      | Reached XP level 4. HP: 14/41 MP: 3/3
  1320 | D:2      | Found a faded altar of an unknown god.
  1367 | D:2      | Noticed Natasha
  1371 | D:2      | Killed Natasha
  1372 | D:2      | Reached skill level 5 in Fighting
  1837 | D:2      | Noticed Natasha
  1843 | D:2      | Killed Natasha
  1844 | D:2      | Reached skill level 5 in Armour
  1844 | D:2      | Reached XP level 5. HP: 32/48 MP: 4/4
  1942 | D:3      | Noticed Ijyb
  1977 | D:3      | Killed Ijyb
  1983 | D:3      | Found an iron altar of Okawaru.
  2209 | D:3      | Reached skill level 1 in Dodging
  2919 | D:4      | Reached XP level 6. HP: 22/56 MP: 5/5
  3152 | D:4      | Noticed an ice beast
  3168 | D:4      | Killed an ice beast
  3284 | D:4      | Found a white marble altar of Elyvilon.
  3387 | D:4      | Reached skill level 6 in Armour
  3433 | D:4      | Found Firph's CLEARANCE SALE!.
  3559 | D:4      | Reached XP level 7. HP: 48/62 MP: 6/6
  3677 | D:4      | Reached skill level 5 in Long Blades
  3759 | D:5      | Entered Level 5 of the Dungeon
  4196 | D:5      | Found Tiaps's Tremendous Tomes.
  4588 | D:5      | Reached skill level 5 in Shields
  5079 | D:6      | Reached skill level 1 in Axes
  5079 | D:6      | Reached skill level 7 in Armour
  5079 | D:6      | Reached XP level 8. HP: 58/70 MP: 7/7
  5087 | D:6      | Reached skill level 1 in Throwing
  5336 | D:6      | Noticed dxb338's ghost (novice FeSh)
  5343 | D:6      | Noticed a rakshasa
  5360 | D:6      | Found a transporter.
  5366 | D:6      | Found a transporter.
  5857 | D:7      | Reached skill level 5 in Axes
  5863 | D:7      | Reached skill level 8 in Armour
  5869 | D:7      | Noticed Grum
  5876 | D:7      | Killed Grum
  5877 | D:7      | Reached XP level 9. HP: 27/78 MP: 8/8
  6071 | D:7      | Noticed Menkaure
  6079 | D:7      | Killed Menkaure
  6098 | D:7      | HP: 3/78 [poisoned by a water moccasin]
  6517 | D:7      | Found Toiged's Antique Armour Boutique.
  6747 | D:7      | Reached skill level 9 in Armour
  6974 | D:7      | Noticed Jeremiah
  6978 | D:7      | Slain by a gnoll

Illustrated notes

Levels and vault maps discovered:
D:1:      scummos_arrival_simple_fountains, layout_loops_ring
D:2:      layout_loops_corners, shapermc_ecumenical_altar_starsandcircs,
          minmay_misc_feat_plants, uniq_natasha, uniq_terence
D:3:      layout_loops_corners, okawaru_ov_weapons_minmay, uniq_ijyb
D:4:      layout_layer_cave, mainiacjoe_overflow_alcove_1,
          nicolae_shop_clearance
D:5:      layout_layer_cave, nicolae_shop_i_like_big_books, grunt_ministairs_4,
          minmay_stone_trees_small
D:6:      layout_cave_pools, gammafunk_ghost_abyssal_escape
D:7:      layout_cave_pools, minmay_temple_entry_tees, serial_shops,
          nicolae_shop_back_alley_shop, serial_gnoll_camp, gnoll_camp_mini_hut,
          gnoll_camp_mini_doghouse, gnoll_camp_mini_sergeant,
          gnoll_camp_medium_01, grums_kennel, gnoll_camp_huts_basic,
          hangedman_decor_lopped, nicolae_stop_n_shop_1, uniq_jeremiah,
          uniq_menkaure

Skill      XL: |  1  2  3  4  5  6  7  8  9 |
---------------+----------------------------+-----
Armour         | 4 5 6 7 8 9 |  9.2
Shields        | 4 5 6 |  6.6
Fighting       | 4 5 6 7 |  7.8
Long Blades    | 3 4 6 |  6.1
Dodging        | 1 2 3 |  3.9
Axes           | 1 5 7 |  7.8
Throwing       | 1 2 |  2.1
Stealth        | |  0.7

Action                     |  1- 3 |  4- 6 |  7- 9 || total
---------------------------+-------+-------+-------++-------
  Melee: Long sword        |    67 |   152 |    10 ||   229
         Headbutt          |    10 |    20 |    35 ||    65
         War axe           |       |       |   182 ||   182
         Battleaxe         |       |       |    28 ||    28
  Throw: Dart              |       |     2 |    15 ||    17
    Use: Potion            |       |     3 |     4 ||     7
         Scroll            |       |       |     4 ||     4
 Armour: Scale mail        |     8 |       |       ||     8
         Ring mail         |    17 |    80 |     7 ||   104
         Chain mail        |       |       |   155 ||   155
  Dodge: Dodged            |    41 |    93 |   144 ||   278
  Block: Buckler           |    18 |    42 |    74 ||   134

Table legend: (Time is in decaauts)
 A = Elapsed time spent in this place.
 B = Non-inter-level travel time spent in this place.
 C = Inter-level travel time spent in this place.
 D = Time resting spent in this place.
 E = Time spent auto-exploring this place.
 F = Levels seen in this place.
 G = Mean time per level.
                   A        B        C        D        E       F      G
               +--------+--------+--------+--------+--------+-----+--------+
         Total |   7072 |   6890 |    182 |   1048 |      0 |   7 | 1010.3 |
       Dungeon |   7072 |   6890 |    182 |   1048 |      0 |   7 | 1010.3 |
               +--------+--------+--------+--------+--------+-----+--------+

Top non-repeatable levels by time:
     D:5: 1297 daAuts
     D:2: 1233 daAuts
     D:7: 1215 daAuts
     D:3: 937 daAuts
     D:4: 901 daAuts
     D:6: 750 daAuts
     D:1: 737 daAuts
